AoeStats
← TM Caesar

Hideout

503706200Analyzed
4v4 RM · 1mo ago on Sep 1, 2026· 38m 28s· 8 players
Game mode
Random Map
Map size
Large (8 player)
Population
200
Speed
Normal
Resources
Standard
Victory
Conquest
Starting age
Dark Age
Ending age
Imperial Age
RankedLock teamsTeams togetherTeam positionsShared explorationLock speedFull tech treeHidden civsTurbo modeCheats
Victory
Defeat
🇺🇸 Goths · United States
1702
+12
🇺🇸 Armenians · United States
1630
+15
🇨🇴 Chinese · Colombia
1596
+16
🇦🇷 Berbers · Argentina
1584
+17
🇨🇱 Inca · Chile
1689
-19
🇦🇷 Bengalis · Argentina
1605
-15
🇦🇷 Teutons · Argentina
1584
-14
🇨🇱 Persians · Chile
1543
-12
AiM | PoRRo
11:01 Feudal Age
14:45 Castle Age
13:10 Horse Collar
19:52 Double-Bit Axe
21:51 Loom
24:43 Wheelbarrow
26:09 Hand Cart
28:59 Imperial Age
27:26 Scale Barding Armor
28:00 Gold Mining
28:49 Chain Barding Armor
29:04 Fervor
28:47 Cavalier
29:27 Husbandry
29:38 Bloodlines
30:10 Plate Barding Armor
29:57 Conscription
30:58 Forging
32:47 Savar
34:46 Iron Casting
36:03 Chemistry
34:37 Crossbowman
35:30 Elite Skirmisher
martincho
10:06 Feudal Age
11:02 Double-Bit Axe
16:08 Loom
16:59 Wheelbarrow
21:12 Castle Age
19:43 Gold Mining
19:47 Stone Mining
19:56 Horse Collar
20:39 Gold Mining
22:21 Forging
22:27 Heavy Plow
22:40 Bow Saw
25:02 Scale Mail Armor
25:38 Squires
25:38 Pikeman
30:14 Gambesons
31:05 Iron Casting
33:44 Chain Mail Armor
Nos'
9:14 Feudal Age
9:59 Double-Bit Axe
11:04 Horse Collar
13:02 Fletching
19:49 Castle Age
18:16 Gold Mining
19:58 Crossbowman
20:39 Bodkin Arrow
26:07 Bow Saw
28:32 Loom
29:36 Ballistics
29:18 Town Watch
30:02 Padded Archer Armor
33:57 Wheelbarrow
LLaRLLi
8:07 Loom
10:17 Feudal Age
11:49 Double-Bit Axe
19:37 Castle Age
19:39 Horse Collar
21:09 Padded Archer Armor
29:40 Wheelbarrow
32:21 Bow Saw
32:11 Heavy Plow
36:21 Imperial Age
34:25 Ballistics
35:26 Thumb Ring
35:48 Gold Mining
38:07 Chemistry
busy pushing deer
9:18 Feudal Age
9:22 Man-at-Arms
11:37 Loom
13:07 Double-Bit Axe
16:02 Scale Mail Armor
16:13 Forging
15:47 Horse Collar
21:24 Castle Age
20:10 Gold Mining
22:24 Bow Saw
21:43 Crossbowman
22:16 Fletching
23:39 Wheelbarrow
23:13 Bodkin Arrow
24:11 Padded Archer Armor
25:16 Ballistics
29:32 Heavy Plow
35:23 Hand Cart
34:53 Town Watch
37:55 Imperial Age
38:12 Stone Mining
38:48 Anarchy
38:48 Perfusion
39:09 Conscription
38:10 Elite Huskarl
Chiro My Hero
9:46 Feudal Age
9:46 Man-at-Arms
10:13 Double-Bit Axe
11:06 Horse Collar
14:27 Fletching
19:02 Padded Archer Armor
19:12 Loom
20:08 Wheelbarrow
19:18 Loom
23:28 Castle Age
22:03 Gold Mining
22:07 Stone Mining
23:50 Crossbowman
24:27 Bodkin Arrow
25:09 Bow Saw
24:59 Heavy Plow
25:25 Leather Archer Armor
28:27 Ballistics
29:26 Hand Cart
35:32 Imperial Age
36:35 Bracer
37:36 Chemistry
36:13 Elite Composite Bowman
37:50 Ring Archer Armor
36:43 Capped Ram
38:34 Gold Shaft Mining
Ux'LeonzAoe
0:40 Loom
10:22 Feudal Age
15:06 Castle Age
12:59 Horse Collar
13:32 Double-Bit Axe
16:53 Bow Saw
17:41 Heavy Plow
20:38 Fervor
22:00 Wheelbarrow
23:04 Hand Cart
24:10 Gold Mining
28:38 Imperial Age
26:18 Scale Mail Armor
26:43 Town Watch
27:15 Chain Mail Armor
27:48 Squires
27:34 Arson
28:09 Forging
28:49 Gold Shaft Mining
28:50 Elite Fire Lancer
29:52 Conscription
30:26 Plate Mail Armor
29:20 Capped Ram
31:49 Chemistry
31:20 Siege Ram
33:02 Coinage
33:43 Iron Casting
34:01 Ballistics
34:26 Banking
36:42 Blast Furnace
35:32 Fletching
36:39 Stone Mining
37:49 Bodkin Arrow
38:58 Two-Man Saw
TM Caesar
10:58 Feudal Age
14:56 Castle Age
13:11 Horse Collar
14:27 Bloodlines
15:15 Scale Barding Armor
15:30 Double-Bit Axe
23:14 Chain Barding Armor
23:09 Husbandry
23:03 Loom
24:42 Forging
26:26 Gold Mining
27:33 Wheelbarrow
28:52 Bow Saw
28:44 Heavy Plow
28:56 Town Watch
30:21 Hand Cart
31:13 Iron Casting
32:26 Light Cavalry
33:44 Gold Shaft Mining
34:32 Stone Mining
36:38 Stone Shaft Mining
38:37 Stone Shaft Mining
38:05 Fletching
38:35 Padded Archer Armor
39:05 Ballistics
38:56 Bodkin Arrow
Connection lost

Rejoining the realm…

Still unreachable

The connection could not be restored.

Session expired

The server has moved on; the page needs a fresh start.